 Dungeon Crawl Stone Soup version 0.28-a0-32-g8dfe7f97f6 (webtiles) character file.

Game seed: 12121928771567664983

67 freelancePsychic the Gusty (level 4, -5/26 HPs)
             Began as a Tengu Air Elementalist on July 28, 2021.
             Slain by a gnoll (8 damage)
             ... on level 2 of the Dungeon.
             The game lasted 00:04:02 (2377 turns).

freelancePsychic the Gusty (Tengu Air Elementalist) Turns: 2377, Time: 00:04:03

Health: -5/26      AC:  2    Str:  8    XL:     4   Next: 16%
Magic:  2/8        EV: 12    Int: 16    God:
Gold:   34         SH:  0    Dex: 15    Spells: 4/7 levels left

rFire   . . .      SeeInvis .   (no weapon)
rCold   . . .      Faith    .   (no shield)
rNeg    . . .      Spirit   .   a - +0 robe
rPois   .          Reflect  .   (helmet restricted)
rElec   .          Harm     .   (no cloak)
rCorr   .          Rampage  .   (no gloves)
Will    .....                   (boots unavailable)
Stlth   ++........              (no amulet)
HPRegen 0.08/turn               (no ring)
MPRegen 0.11/turn               (no ring)

@: no status effects
A: beak, talons 3
a: no special abilities


You were on level 2 of the Dungeon.
You visited 1 branch of the dungeon, and saw 3 of its levels.

You collected 34 gold pieces.

Inventory:

Armour
 a - a +0 robe (worn)
Scrolls
 c - a scroll of identify {unknown}
Potions
 d - a potion of cancellation {unknown}


   Skills:
 + Level 2.0 Fighting
 - Level 2.1 Dodging
 - Level 2.0 Stealth
 - Level 2.0 Spellcasting
 + Level 3.1 Conjurations
 - Level 4.9 Air Magic


You had 4 spell levels left.
You knew the following spells:

 Your Spells              Type           Power      Damage    Failure   Level
a - Shock                 Conj/Air       56%        1d6       4%          1
b - Static Discharge      Conj/Air       14%        N/A       6%          2

Your spell library contained the following spells:

 Spells                   Type           Power      Damage    Failure   Level
 Swiftness                Air            17%        N/A       9%          3
 Airstrike                Air            8%         N/A       26%         4
 Gell's Gravitas          Tloc           0%         N/A       52%         3
 Lesser Beckoning         Tloc           0%         N/A       52%         3
 Teleport Other           Tloc           1%         N/A       52%         3


Dungeon Overview and Level Annotations

Branches:
Dungeon (3/15)

Altars:

Shops:
D:1 !


Innate Abilities, Weirdness & Mutations

You have a beak for a mouth.
You have claws for feet.


Message History

You kill the dart slug!
The zap hits the goblin.
The goblin is severely wounded.
Your Fighting skill increases to level 2!
Casting: Shock (safe; 4% risk of failure)
Confirm with . or Enter, or press ? or * to list all spells.
Aiming: Shock (safe; 4% risk of failure)
Press: ? - help, Shift-Dir - straight line, f - goblin
Aim: a goblin, wielding a +0 club (severely wounded, 64% to hit)
The zap hits the goblin.
You kill the goblin!
The zap hits the kobold.
The kobold is severely wounded.
The kobold throws a stone.
The stone closely misses you.
Casting: Shock (safe; 4% risk of failure)
Confirm with . or Enter, or press ? or * to list all spells.
Aiming: Shock (safe; 4% risk of failure)
Press: ? - help, Shift-Dir - straight line, f - kobold
Aim: a kobold, wielding a +0 club and quivering stones (severely wounded, 64% to hit)
The zap hits the kobold.
You kill the kobold!
Casting: Shock (safe; 4% risk of failure)
Confirm with . or Enter, or press ? or * to list all spells.
Aiming: Shock (safe; 4% risk of failure)
Press: ? - help, Shift-Dir - straight line, f - gnoll
Aim: a gnoll, wielding a +0 halberd (lightly wounded, 75% to hit)
Okay, then.
The gnoll hits you with a +0 halberd!
Ouch! That really hurt!
* * * LOW HITPOINT WARNING * * *
Casting: Shock (safe; 4% risk of failure)
Confirm with . or Enter, or press ? or * to list all spells.
The gnoll is struck by an arc of lightning.
The gnoll is severely wounded.
You are struck by an arc of lightning.
* * * LOW HITPOINT WARNING * * *
The lightning grounds out.
The gnoll completely misses you.
A rat comes into view.
The gnoll hits you from afar with a +0 halberd!
You die...

..................##)..r.g......
....................)†..........
.........................g......
##..............................
##.)..................§.§.......
#..................##.#.##.###.
#................g.##.#.# .#
#..................##.......
#<.............@...##.#.#.## ##
###########...........#.... ..
#######..##.#.#.#.##.
#..##...#...... #..##.#...$..#
#..÷..#.#.w?.. #..##........#
#..##.#.##.#J# #......... ..


You could see a gnoll.

Vanquished Creatures
  3 adders (D:2)
  An adder skeleton (D:2)
  A worm (D:2)
  A dart slug (D:2)
  4 ball pythons (D:1)
  3 endoplasms
  A giant cockroach (D:1)
  3 goblins
  2 hobgoblins
  5 kobolds
  5 bats
  2 frilled lizards
  A rat (D:2)
32 creatures vanquished.

Vanquished Creatures (others)
  11 plants (D:3)
11 creatures vanquished.

Grand Total: 43 creatures vanquished

Notes
Turn   | Place    | Note
-------+----------+-------------------------------------------
     0 | D:1      | freelancePsychic the Tengu Air Elementalist began the quest
                  | for the Orb.
     0 | D:1      | Reached XP level 1. HP: 10/10 MP: 4/4
   222 | D:1      | Reached XP level 2. HP: 11/16 MP: 0/6
   780 | D:1      | Reached skill level 1 in Fighting
   783 | D:1      | Learned a level 2 spell: Static Discharge
   935 | D:1      | Found Wali's Distillery.
  1399 | D:2      | Reached XP level 3. HP: 20/20 MP: 2/7
  2057 | D:2      | Reached XP level 4. HP: 12/26 MP: 1/8
  2377 | D:2      | Slain by a gnoll

Illustrated notes

Levels and vault maps discovered:
D:1:      shiori_shiawase, layout_basic, serial_shops, nicolae_shop_waterfront,
          minmay_small_reverse_x
D:2:      layout_rooms, chequers_ecumenical_altar_simple,
          hangedman_decor_diamond_cutter, minmay_diced_spiral
D:3:      layout_rooms, serial_bayou, serial_bayou_pond_c, serial_bayou_pond_d,
          serial_bayou_pond_e, serial_bayou_ford_a, minmay_crystal_room

Skill      XL: |  1  2  3  4 |
---------------+-------------+-----
Conjurations   | 2 3 |  3.1
Fighting       | 1 2 |  2.0
Dodging        | |  2.1
Stealth        | |  2.0
Spellcasting   | |  2.0
Air Magic      | |  4.9

Action                   |  1- 3 |  4- 6 || total
-------------------------+-------+-------++-------
Melee: Unarmed           |    17 |       ||    17
       Peck              |     2 |       ||     2
       Kick              |     3 |       ||     3
 Cast: Shock             |    55 |     5 ||    60
       Static Discharge  |    13 |     4 ||    17
  Use: Potion            |     1 |       ||     1
Armor: Robe              |    16 |       ||    16
Dodge: Dodged            |    35 |     3 ||    38

Table legend: (Time is in decaauts)
 A = Elapsed time spent in this place.
 B = Non-inter-level travel time spent in this place.
 C = Inter-level travel time spent in this place.
 D = Time resting spent in this place.
 E = Time spent auto-exploring this place.
 F = Levels seen in this place.
 G = Mean time per level.
                   A        B        C        D        E       F      G
               +--------+--------+--------+--------+--------+-----+--------+
         Total |   2379 |   2362 |     17 |    489 |   1631 |   3 |  793.0 |
       Dungeon |   2379 |   2362 |     17 |    489 |   1631 |   3 |  793.0 |
               +--------+--------+--------+--------+--------+-----+--------+

Top non-repeatable levels by time:
     D:1: 1476 daAuts
     D:2: 742 daAuts
     D:3: 160 daAuts
